 Dungeon Crawl Stone Soup version 0.21.1-1-g345015fe64 (webtiles) character file.

2144 Froggeryz the Cleaver (level 9, -2/78 HPs)
             Began as a Minotaur Fighter on May 13, 2018.
             Was a Follower of Okawaru.
             Splashed by Joseph's acid (7 damage)
             ... on level 7 of the Dungeon.
             The game lasted 00:09:24 (4543 turns).

Froggeryz the Cleaver (Minotaur Fighter)            Turns: 4543, Time: 00:09:25

Health: -2/78      AC:  1    Str: 21    XL:     9   Next: 9%
Magic:  8/8        EV: 10    Int:  8    God:    Okawaru [*.....]
Gold:   355        SH: 10    Dex: 10    Spells: 8/8 levels left

rFire    . . .     SeeInvis .   a - +1 war axe (vamp)
rCold    . . .     Gourm    .   c - +0 shield
rNeg     + . .     Faith    .   b - +0 scale mail
rPois    .         Spirit   .   (helmet restricted)
rElec    .         Reflect  .   (no cloak)
rCorr    .         Harm     .   C - +0 pair of gloves
MR       .....     Clarity  +   j - +0 pair of boots
Stlth    ..........             q - amulet of regeneration
HPRegen  0.63/turn              g - ring of positive energy
MPRegen  0.11/turn              k - ring of wizardry

@: corroded
A: retaliatory headbutt, horns 2, repulsion field 1, clarity
a: Heroism, Renounce Religion


You were on level 7 of the Dungeon.
You worshipped Okawaru.
Okawaru was aware of your devotion.
You were not hungry.

You visited 2 branches of the dungeon, and saw 8 of its levels.

You collected 355 gold pieces.

Inventory:

Hand Weapons
 a - a +1 vampiric war axe (weapon)
 n - a +0 blowgun
Missiles
 p - 18 poisoned needles
Armour
 b - a +0 scale mail (worn)
 c - a +0 shield (worn)
 j - a +0 pair of boots (worn)
 C - a +0 pair of gloves (worn)
Jewellery
 g - a ring of positive energy (left hand)
 k - a ring of wizardry (right hand)
 q - an amulet of regeneration (around neck)
 s - an uncursed ring of ice
 A - a +4 ring of strength {unknown}
Wands
 r - a wand of polymorph (5)
 t - a wand of paralysis (2)
 u - a wand of flame (43)
Scrolls
 d - 2 scrolls of remove curse
 i - 3 scrolls of identify
 v - a scroll of enchant armour {unknown}
 w - a scroll of magic mapping {unknown}
 y - a scroll of holy word {unknown}
 B - a scroll of fog
Potions
 e - 2 potions of resistance
 h - 2 potions of mutation
 l - 4 potions of curing
 m - a potion of brilliance
 o - a potion of flight
 x - a potion of haste
 z - a potion of degeneration {unknown}
Comestibles
 f - 14 rations
 D - 2 chunks of flesh


   Skills:
 + Level 6.5 Fighting
 + Level 12.1 Axes
 - Level 3.6 Armour
 + Level 6.5 Shields


You had 8 spell levels left.
You didn't know any spells.

Dungeon Overview and Level Annotations

Branches:
Dungeon (7/15)             Temple (1/1) D:5

Altars:
Ashenzari
Cheibriados
Dithmenos
Elyvilon
Fedhas
Gozag
Kikubaaqudgha
Makhleb
Nemelex Xobeh
Okawaru
Qazlal
Ru
Sif Muna
Trog
Uskayaw
Vehumet
Wu Jian
Yredelemnul
Zin

Shops:
D:7 %

Annotations:
D:7 Joseph


Innate Abilities, Weirdness & Mutations

You reflexively headbutt those who attack you in melee.
You have a pair of horns on your head.
You are surrounded by a mild repulsion field. (EV +2)
You possess an exceptional clarity of mind.


Message History

Joseph hits you with an uncursed quarterstaff of protection.
You closely miss Joseph.
Joseph is heavily wounded.
You block Joseph's attack.
You hit Joseph but do no damage.
Joseph is heavily wounded.
Joseph hits you with an uncursed quarterstaff of protection.
You slash Joseph!
Joseph is severely wounded.
You hit Joseph but do no damage.
Joseph is severely wounded.
Joseph zaps a wand.
The bolt of acid hits you!
You are splashed with acid!
The acid burns!
Unknown command.
You hit Joseph but do no damage.
Joseph is severely wounded.
Joseph zaps a wand.
The bolt of acid hits you!
* * * LOW HITPOINT WARNING * * *
The acid corrodes you!
You are splashed with acid!
The acid burns!
You die...

#####
######(..#
#..@.(.#..#
#.#@##....l@.
#.#(###.#.#...
#.#.# .......
#...#####.# .#
##........#
#.#########+#
#.# ##...##
#.# ##.....##
##.##
##.......##


You could see Joseph.

Vanquished Creatures
  Eustachio (D:5)
  An ice beast (D:5)
  3 orc warriors
  An ogre (D:4)
  3 centaurs
  5 bullfrogs
  A scorpion (D:2)
  A howler monkey (D:4)
  2 crimson imps (D:5)
  A bullfrog skeleton (D:6)
  5 orc priests
  3 hounds
  Ijyb (D:5)
  An iguana (D:7)
  4 orc wizards
  3 worker ants
  A killer bee zombie (D:7)
  A hound skeleton (D:5)
  4 gnolls (D:6)
  7 adders
  A shadow imp (D:6)
  An ooze (D:4)
  2 adder skeletons
  An adder zombie (D:5)
  4 worms
  3 dart slugs
  3 leopard geckos
  16 orcs
  9 bats
  8 giant cockroaches
  15 goblins
  9 hobgoblins
  14 jackals
  5 kobolds
  2 quokkas
  4 ball pythons
  3 frilled lizards
  A giant cockroach zombie (D:6)
  9 rats
159 creatures vanquished.

Vanquished Creatures (others)
  A sky beast (D:6)
1 creature vanquished.

Grand Total: 160 creatures vanquished

Notes
Turn   | Place    | Note
-------+----------+-------------------------------------------
     0 | D:1      | Froggeryz the Minotaur Fighter began the quest for the Orb.
     0 | D:1      | Reached XP level 1. HP: 19/19 MP: 0/0
    75 | D:1      | Reached skill level 3 in Axes
   120 | D:1      | Reached XP level 2. HP: 26/26 MP: 1/1
   398 | D:1      | Reached skill level 4 in Axes
   578 | D:2      | Noticed a scorpion
   583 | D:2      | Killed a scorpion
   583 | D:2      | Reached skill level 5 in Axes
   583 | D:2      | Reached XP level 3. HP: 31/31 MP: 2/2
   583 | D:2      | Reached XP level 4. HP: 39/39 MP: 3/3
   644 | D:2      | Found a shattered altar of Ashenzari.
   788 | D:2      | Reached skill level 6 in Axes
  1353 | D:3      | Reached XP level 5. HP: 43/45 MP: 4/4
  1997 | D:4      | Found a blossoming altar of Fedhas.
  2007 | D:4      | Reached skill level 7 in Axes
  2074 | D:4      | Found a basalt altar of Yredelemnul.
  2124 | D:4      | Gained mutation: You possess an exceptional clarity of mind. [potion of mutation]
  2124 | D:4      | Gained mutation: You are surrounded by a mild repulsion field. (EV +2) [potion of mutation]
  2193 | D:4      | Reached XP level 6. HP: 48/51 MP: 5/5
  2216 | D:4      | Reached skill level 8 in Axes
  2867 | D:5      | Entered Level 5 of the Dungeon
  2867 | D:5      | Noticed Ijyb
  2868 | D:5      | Paralysed by Ijyb for 7 turns
  2870 | D:5      | Noticed an ice beast
  2878 | D:5      | Killed Ijyb
  2878 | D:5      | Reached skill level 9 in Axes
  2884 | D:5      | Killed an ice beast
  2884 | D:5      | Reached XP level 7. HP: 57/57 MP: 6/6
  3051 | D:5      | Found a staircase to the Ecumenical Temple.
  3073 | Temple   | Entered the Ecumenical Temple
  3098 | D:5      | Reached skill level 10 in Axes
  3269 | D:5      | Noticed Eustachio
  3299 | D:5      | Killed Eustachio
  3413 | D:6      | Found an iron altar of Okawaru.
  3420 | D:6      | Became a worshipper of Warmaster Okawaru
  3429 | D:6      | Reached skill level 11 in Axes
  3566 | D:6      | Reached XP level 8. HP: 44/66 MP: 7/7
  3779 | D:6      | Found a bloodstained altar of Trog.
  3867 | D:6      | Reached skill level 5 in Fighting
  3867 | D:6      | Reached skill level 5 in Shields
  3947 | D:6      | Reached * piety under Okawaru
  4077 | D:7      | Found a radiant altar of Vehumet.
  4260 | D:7      | Found Yvvocz Faef's Food Shoppe.
  4410 | D:7      | Reached skill level 12 in Axes
  4410 | D:7      | Reached XP level 9. HP: 67/75 MP: 8/8
  4515 | D:7      | Noticed Joseph
  4543 | D:7      | Splashed by Joseph's acid

Skill      XL: |  1  2  3  4  5  6  7  8 |
---------------+-------------------------+-----
Axes           | 3 5 6 7 9 11 12 | 12.1
Fighting       | 6 |  6.5
Shields        | 6 |  6.5
Armour         | |  3.6

Action                   |  1- 3 |  4- 6 |  7- 9 || total
-------------------------+-------+-------+-------++-------
Melee: War axe           |    37 |   188 |   180 ||   405
       Headbutt          |     4 |    27 |    29 ||    60
  Use: Potion            |     1 |     6 |     1 ||     8
       Scroll            |       |     6 |     2 ||     8
  Eat: Chunk             |       |     5 |     7 ||    12
Armor: Scale mail        |    22 |    89 |    58 ||   169
       Skin              |       |       |    10 ||    10
Dodge: Dodged            |     9 |    65 |    58 ||   132
Block: Shield            |    23 |    79 |    68 ||   170
